Map: Purity and Industry LE

Players

prospeKt - Winner!

  • Race: Zerg Zerg
  • League: Platinum
  • Spawn Location: 12:00

VOD

Have the link to the VOD?

Description

Time

  • Played on: June 2, 2020, 10:20 a.m.
  • Length: 17:19
Show
View Real Time Build Order
Export as new Build Order

prospeKt Zerg - Winner!

Build Orders:  

Get SALT Encoding   

  12  0:02  Drone  
  13  0:19  Overlord  
  13  0:32  Drone  
  14  0:44  Drone x2  
  16  0:50  Drone  
  17  1:15  Hatchery  
  17  1:19  Drone  
  17  1:25  Drone  
  18  1:43  Spawning Pool  
  18  1:47  Drone  
  18  1:52  Drone  
  18  1:59  Extractor  
  18  2:04  Drone  
  19  2:22  Drone  
  20  2:35  Drone  
  21  2:50  Overlord  
  21  2:57  Queen x2  
  21  2:59  Drone  
  26  3:13  Drone x2  
  28  3:21  Drone  
  29  3:30  Overlord  
  29  3:36  Drone  
  30  3:47  Queen  
  32  3:56  Drone  
  32  3:57  Drone x2  
  35  4:07  Lair  
  35  4:08  Overlord  
  35  4:11  Drone  
  36  4:20  Drone  
  36  4:27  Drone  
  38  4:35  Drone x3  
  38  4:38  Drone  
  42  4:41  Drone  
  42  4:48  Hatchery  
  42  4:50  Drone x3  
  42  4:56  Overlord  
  45  5:04  Drone  
  46  5:12  Extractor  
  46  5:15  Roach Warren  
  46  5:17  Extractor  
  46  5:18  Drone  
  44  5:20  Evolution Chamber  
  44  5:24  Drone  
  44  5:25  Drone  
  44  5:27  Drone x3  
  48  5:33  Overlord  
  48  5:35  Drone  
  49  5:46  Drone x3  
  52  6:10  Drone  
  52  6:11  Drone x5  
  52  6:17  Zerg Missile Weapons Level 1  
  52  6:19  Glial Reconstitution  
  58  6:27  Roach x2  
  62  6:36  Roach x2  
  66  6:43  Roach  
  66  6:44  Roach x3  
  66  6:46  Overlord x3  
  74  7:32  Drone  
  74  7:33  Drone x10  
  85  7:43  Extractor  
  85  7:46  Drone  
  85  7:49  Extractor  
  84  7:59  Hatchery  
  83  8:00  Drone  
  83  8:01  Drone x2  
  86  8:12  Drone  
  86  8:13  Drone  
  88  8:21  Overlord  
  88  8:24  Overlord  
  88  8:27  Drone  
  89  8:44  Drone x7  
  89  8:45  Drone x2  
  98  9:01  Hydralisk Den  
  98  9:04  Evolution Chamber  
  96  9:12  Drone  
  96  9:13  Drone x7  
  104  9:25  Roach  
  104  9:26  Roach x4  
  108  9:30  Roach x2  
  108  9:38  Zerg Missile Weapons Level 2  
  102  9:40  Zerg Ground Armor Level 1  
  102  9:42  Roach x3  
  105  9:54  Roach  
  105  9:55  Roach  
  105  10:02  Roach x5  
  105  10:07  Queen  
  99  10:30  Hydralisk x6  
  99  10:31  Hydralisk  
  111  10:40  Extractor  
  111  10:43  Extractor  
  111  10:46  Hydralisk x3  
  103  11:12  Overlord x3  
  103  11:14  Hydralisk  
  103  11:15  Hydralisk x3  
  111  11:29  Unknown  
  111  11:37  Infestation Pit  
  110  11:42  Hatchery  
  109  11:50  Drone x3  
  109  11:51  Drone  
  109  11:52  Drone x2  
  109  11:53  Drone  
  116  12:02  Hydralisk x9  
  116  12:03  Hydralisk  
  116  12:05  Overlord  
  116  12:09  Hatchery  
  135  12:36  Hatchery  
  135  12:38  Hatchery  
  133  12:47  Zerg Ground Armor Level 2  
  133  12:55  Drone  
  133  12:56  Drone x2  
  133  12:59  Hydralisk x4  
  144  13:02  Overlord  
  144  13:03  Overlord x3  
  144  13:04  Overlord x3  
  144  13:26  Hydralisk x3  
  150  13:32  Hive  
  150  13:46  Hatchery  
  149  13:52  Hatchery  
  149  13:55  Hydralisk x8  
  149  13:56  Hydralisk x16  
  196  14:18  Drone x2  
  198  14:25  Unknown  
  182  14:52  Hatchery  
  179  15:03  Hydralisk x4  
  179  15:04  Hydralisk x6  
  199  15:25  Drone  
  200  15:33  Extractor  
  200  15:34  Drone  
  200  15:37  Extractor  
  200  15:38  Drone  
  200  15:40  Overlord x2  
  200  16:43  Hatchery  
  200  16:44  Hatchery  
Tags
 
Add a new tag
Caveats
  • Supply blocks, unpowered buildings, or Contaminate may cause inaccurate times.
  • Supply counts are checked every 10 seconds.